 Dungeon Crawl Stone Soup version 0.22.1-1-ga44c0e5 (webtiles) character file.

4293 Zebedee the Grappler (level 10, -6/94 HPs)
             Began as a Troll Monk on Oct 2, 2018.
             Was a Believer of Ru.
             Mangled by an unseen horror (10 damage)
             ... on level 10 of the Dungeon.
             The game lasted 00:30:44 (8227 turns).

Zebedee the Grappler (Troll Monk)                   Turns: 8227, Time: 00:30:45

Health: -6/94      AC:  5    Str: 24    XL:     10   Next: 11%
Magic:  9/9        EV: 16    Int:  4    God:    Ru [**....]
Gold:   563        SH:  0    Dex: 17    Spells: 9/9 levels left

rFire    . . .     SeeInvis .     - Unarmed
rCold    . . .     Gourm    +   (no shield)
rNeg     + . .     Faith    .   a - +0 robe
rPois    .         Spirit   .   (helmet restricted)
rElec    .         Reflect  .   (no cloak)
rCorr    .         Harm     .   (gloves unavailable)
MR       .....                  (boots unavailable)
Stlth    +++.......             (no amulet)
HPRegen  0.65/turn              u - ring of positive energy
MPRegen  0.11/turn              (no ring)

@: agile, about to teleport, very slightly contaminated, invisible
A: large, unfitting armour, claws 3, dopey 1, fast metabolism 3, gourmand,
regeneration 1, shaggy fur 1, tough skin 2, hated by all
a: Renounce Religion


You were on level 10 of the Dungeon.
You worshipped Ru.
Ru was pleased with you.
You were not hungry.

You visited 2 branches of the dungeon, and saw 11 of its levels.
You also visited: Sewer and Ossuary.

You collected 563 gold pieces.

Inventory:

Hand Weapons
 x - a +0 trident
 z - the +1 flail of the Whelk {venom, *Noise +Inv rPois Int-3 Stlth+}
   (You found it on level 4 of the Dungeon)

   It poisons the flesh of those it strikes.
   It affects your intelligence (-3).
   It protects you from poison.
   It lets you turn invisible.
   It may make noises in combat.
   It makes you more stealthy.
 B - a +0 blowgun
Missiles
 d - 201 stones (quivered)
 g - 5 large rocks
 p - 21 poisoned needles
Armour
 a - a +0 robe (worn)
Jewellery
 u - a ring of positive energy (left claw)
Wands
 f - a wand of disintegration (7)
 C - a wand of iceblast (7)
 G - a wand of flame (38)
 H - a wand of paralysis (19)
Scrolls
 e - a scroll of fog {unknown}
 i - 4 scrolls of remove curse
 k - 7 scrolls of teleportation
 n - a scroll of acquirement {unknown}
 o - a scroll of enchant armour {unknown}
 q - a scroll of enchant weapon
 t - 4 scrolls of magic mapping {unknown}
 y - a scroll of immolation {unknown}
 E - a scroll of random uselessness {unknown}
 F - a scroll of blinking {unknown}
 I - 2 scrolls of summoning {unknown}
 L - 2 scrolls of amnesia {unknown}
Potions
 c - 4 potions of flight
 j - 3 potions of agility
 l - 2 potions of invisibility
 m - 6 potions of curing
 r - 3 potions of lignification {unknown}
 s - a potion of magic {unknown}
 v - a potion of cancellation {unknown}
 w - a potion of might {unknown}
 A - a potion of brilliance {unknown}
Comestibles
 b - 15 rations


   Skills:
 + Level 4.5 Fighting
 + Level 6.2 Throwing
 - Level 2.4 Dodging
 + Level 1.8 Stealth
 + Level 12.0 Unarmed Combat


You had 9 spell levels left.
You didn't know any spells.
Your spell library was empty.

Dungeon Overview and Level Annotations

Branches:
Dungeon (10/15)            Temple (1/1) D:6            Lair (0/6) D:8
    Orc: D:9-12

Altars:
Ashenzari
Cheibriados
Dithmenos
Elyvilon
Fedhas
Gozag
Hepliaklqana
Kikubaaqudgha
Makhleb
Nemelex Xobeh
Okawaru
Qazlal
Ru
Sif Muna
Trog
Uskayaw
Vehumet
Wu Jian
Xom
Yredelemnul
Zin
The Shining One

Shops:
D:4 (%(=   D:7 }


Innate Abilities, Weirdness & Mutations

You are too large for most types of armour.
You have claws for hands.
You are dopey. (Int -2)
Your metabolism is lightning-fast.
You like to eat raw meat.
Your natural rate of healing is unusually fast.
You are covered in fur. (AC +1)
You have very tough skin. (AC +2)
You are hated by all.


Message History

Something hits you but does no damage. Something hits you!
* * * LOW HITPOINT WARNING * * *
You feel much better. Something hits you!
* * * LOW HITPOINT WARNING * * *
Something hits you but does no damage. Something hits you.
* * * LOW HITPOINT WARNING * * *
Something hits you.
* * * LOW HITPOINT WARNING * * *
You scratch something but do no damage. Something hits you but does no damage.
Something hits you.
* * * LOW HITPOINT WARNING * * *
Okay, then.
Evoke which item? (* to show all) (? for menu, Esc to quit)
Okay, then.
You feel agile all of a sudden. Something barely misses you.
As you read the scroll of teleportation, it crumbles to dust.
You feel strangely unstable. Something hits you!
You die...

########################
#............##........#
#.......###...'........###
#......##.##..#........+.##
#..........#.##<.........<#
#......##.##.##.........#.+
#.......###@.##.....∩...#
#............#####.....##
#........##### #.....#
#........# ####.##
##'####### #.# #...# #.#
#####)###### #.#
#..........# ##### .#
#........).####....##


There were no monsters in sight!

Vanquished Creatures
  A troll (D:9)
  Prince Ribbit (D:7)
  A yak (D:9)
  A wyvern (D:8)
  An acid dragon (D:8)
  Duvessa (D:7)
  A sky beast (D:7)
  An ice beast (D:10)
  Purgy (Sewer)
  4 centaurs
  2 ogres
  3 crocodiles (D:8)
  A big kobold (D:8)
  3 elf zombies (Ossuary)
  A bullfrog (D:8)
  A gnoll sergeant (D:6)
  Dowan (D:7)
  A scorpion (D:7)
  13 wights
  A howler monkey (D:5)
  5 crimson imps
  3 centaur zombies (Ossuary)
  A jelly (D:10)
  A human zombie (Ossuary)
  4 hounds
  8 orc wizards
  A bullfrog skeleton (D:4)
  Terence (D:3)
  Jessica (D:2)
  An iguana (D:4)
  3 worker ants
  3 hound zombies (Ossuary)
  3 mummies (Ossuary)
  9 gnolls
  7 adders
  A shadow imp (D:5)
  A white imp (D:10)
  A howler monkey simulacrum (D:10)
  5 adder zombies
  An adder skeleton (D:7)
  2 worms (D:4)
  3 dart slugs
  3 leopard geckos (D:3)
  20 orcs
  5 bats
  5 giant cockroaches
  A gnoll zombie (Ossuary)
  7 hobgoblins
  13 jackals
  3 quokkas
  2 frilled lizards
  3 goblins (D:1)
  4 goblin zombies (Ossuary)
  3 hobgoblin zombies (Ossuary)
  A jackal zombie (Ossuary)
  14 kobolds
  3 kobold zombies (Ossuary)
  A leopard gecko skeleton (D:4)
  4 orc zombies (Ossuary)
  3 quokka zombies (Ossuary)
  8 rats
  5 rat zombies (Ossuary)
213 creatures vanquished.

Vanquished Creatures (others)
  A basilisk (D:8)
1 creature vanquished.

Grand Total: 214 creatures vanquished

Notes
Turn   | Place    | Note
-------+----------+-------------------------------------------
     0 | D:1      | Zebedee the Troll Monk began the quest for the Orb.
     0 | D:1      | Reached XP level 1. HP: 22/22 MP: 0/0
   208 | D:1      | Reached XP level 2. HP: 29/29 MP: 1/1
   858 | D:2      | Found a bloodstained altar of Trog.
   869 | D:2      | Reached XP level 3. HP: 35/36 MP: 2/2
  1277 | D:2      | Noticed Jessica
  1282 | D:2      | Killed Jessica
  1282 | D:2      | Reached skill level 4 in Unarmed Combat
  1458 | D:3      | Found a glowing drain.
  1474 | D:3      | Reached XP level 4. HP: 45/45 MP: 3/3
  1502 | D:3      | Reached skill level 1 in Throwing
  1670 | Sewer    | Entered a sewer
  1674 | Sewer    | Noticed Purgy
  1681 | Sewer    | Killed Purgy
  1681 | Sewer    | Reached skill level 5 in Unarmed Combat
  1681 | Sewer    | Reached XP level 5. HP: 52/53 MP: 4/4
  1714 | Sewer    | Got a scorched buckler
  2011 | D:3      | Noticed Terence
  2021 | D:3      | Killed Terence
  2361 | D:4      | Found Poorhekk's Jewellery Shop.
  2364 | D:4      | Found Ykoec's Weapon Shoppe.
  2505 | D:4      | Reached XP level 6. HP: 61/61 MP: 5/5
  2541 | D:4      | Got an iridescent flail
  2542 | D:4      | Identified the cursed +1 flail of the Whelk {venom, *Noise
                  | +Inv rPois Int-3 Stlth+} (You found it on level 4 of the
                  | Dungeon)
  2672 | D:4      | Found Ylufomaehi's Food Shoppe.
  2698 | D:4      | Reached skill level 6 in Unarmed Combat
  2730 | D:4      | Found Atadyne's Weapon Emporium.
  2984 | D:5      | Entered Level 5 of the Dungeon
  3104 | D:5      | Reached XP level 7. HP: 67/67 MP: 6/6
  3140 | D:5      | Reached skill level 7 in Unarmed Combat
  3166 | D:5      | Found a deep blue altar of Sif Muna.
  3822 | D:5      | Found a snail-covered altar of Cheibriados.
  3822 | D:5      | Found a glowing silver altar of Zin.
  4207 | D:6      | Reached skill level 8 in Unarmed Combat
  4292 | D:6      | Reached XP level 8. HP: 75/75 MP: 7/7
  4701 | D:6      | Found a staircase to the Ecumenical Temple.
  4835 | Temple   | Entered the Ecumenical Temple
  4993 | Temple   | Became a worshipper of Ru the Awakened
  4996 | Temple   | Gained mutation: You are hated by all. [Ru sacrifice]
  4996 | Temple   | Reached * piety under Ru
  5357 | D:7      | Reached skill level 9 in Unarmed Combat
  5417 | D:7      | Noticed Prince Ribbit
  5424 | D:7      | Killed Prince Ribbit
  5446 | D:7      | Noticed Duvessa
  5447 | D:7      | Noticed Dowan
  5448 | D:7      | Killed Duvessa
  5448 | D:7      | Reached skill level 5 in Throwing
  5456 | D:7      | Killed Dowan
  5481 | D:7      | Found a hazy altar of Hepliaklqana.
  5570 | D:7      | Found a shattered altar of Ashenzari.
  5631 | D:7      | Reached XP level 9. HP: 84/84 MP: 8/8
  5914 | D:7      | Found Xueshaiv's Gadget Boutique.
  5954 | D:7      | Found a radiant altar of Vehumet.
  6110 | D:8      | Reached skill level 10 in Unarmed Combat
  6134 | D:8      | Found a sand-covered staircase.
  6256 | Ossuary  | Entered an ossuary
  6707 | D:8      | Gained mutation: You are dopey. (Int -2) [Ru sacrifice]
  6707 | D:8      | Reached ** piety under Ru
  6971 | D:8      | Reached skill level 11 in Unarmed Combat
  7123 | D:8      | Found a staircase to the Lair.
  7462 | D:9      | Found a glowing silver altar of Zin.
  7476 | D:9      | Noticed a troll
  7487 | D:9      | Killed a troll
  7608 | D:9      | Found a blossoming altar of Fedhas.
  7845 | D:9      | Reached XP level 10. HP: 77/94 MP: 9/9
  7949 | D:9      | Found a basalt altar of Yredelemnul.
  8026 | D:10     | Entered Level 10 of the Dungeon
  8161 | D:10     | Reached skill level 12 in Unarmed Combat
  8213 | D:10     | Noticed an unseen horror
  8225 | D:10     | HP: 2/94 [something (6)]
  8227 | D:10     | Mangled by an unseen horror

Skill      XL: |  1  2  3  4  5  6  7  8  9 10 |
---------------+-------------------------------+-----
Fighting       | 3 4 |  4.5
Unarmed Combat | 4 5 6 8 9 11 12 | 12.0
Throwing       | 1 2 3 5 6 |  6.2
Dodging        | |  2.4
Stealth        | |  1.8

Action                   |  1- 3 |  4- 6 |  7- 9 | 10-12 || total
-------------------------+-------+-------+-------+-------++-------
Melee: Unarmed           |    77 |   115 |   326 |    28 ||   546
       Punch             |       |     5 |    16 |       ||    21
Throw: Stone             |    57 |    46 |    93 |     2 ||   198
       Large rock        |       |     2 |     9 |       ||    11
       Tomahawk          |       |       |    16 |     7 ||    23
Invok: Sacrifice Love    |       |       |     1 |       ||     1
       Sacrifice Purity  |       |       |     1 |       ||     1
  Use: Scroll            |     4 |     4 |     3 |     1 ||    12
       Potion            |       |       |       |     7 ||     7
 Stab: Sleeping          |     4 |     2 |     2 |       ||     8
       Distracted        |       |       |     1 |       ||     1
  Eat: Chunk             |    16 |    18 |    41 |       ||    75
Armor: Robe              |    32 |    25 |    74 |    17 ||   148
Dodge: Dodged            |    29 |    37 |   134 |     8 ||   208
